 Dungeon Crawl Stone Soup version 0.30-a0-137-gd8773701ce (webtiles) character file.

Game seed: 3362676460874943961

101 themarg the Magician (level 5, -1/35 HPs)
             Began as a Djinni Fire Elementalist on Sept 22, 2022.
             Slain by an orc
             ... wielding a +0 hand axe
              (3 damage)
             ... on level 3 of the Dungeon.
             The game lasted 00:09:12 (2396 turns).

themarg the Magician (Djinni Fire Elementalist)     Turns: 2396, Time: 00:09:12

Health: -1/35      AC:  2    Str:  7    XL:     5   Next: 4%
Gold:   97         EV: 13    Int: 18    God:
                   SH:  0    Dex: 20

rFire   + + .      SeeInvis .    d - +0 dagger
rCold   x . .      Faith    .    (no shield)
rNeg    . . .      Spirit   .    a - +0 robe
rPois   ∞          Reflect  .    (no helmet)
rElec   .          Harm     .    (no cloak)
rCorr   .          Rampage  .    (no gloves)
Will    .....                    (boots unavailable)
Stlth   ++........               (no amulet)
HPRegen 0.11/turn                b - ring of wizardry
MPRegen 0.00/turn                r - +6 ring of dexterity

@: flying
A: sickness immunity, fire resistance 2, cold vulnerability 1, float, innate
caster, HP casting, extra vitality 1
a: no special abilities


You were on level 3 of the Dungeon.
You visited 1 branch of the dungeon, and saw 3 of its levels.

You collected 97 gold pieces.

Inventory:

Hand Weapons
 d - a +0 dagger (weapon)
 q - a +3 vorpal sling
Armour
 a - a +0 robe (worn)
Jewellery
 b - a ring of wizardry (left hand)
 k - a +4 ring of evasion
 r - a +6 ring of dexterity (right hand)
Scrolls
 e - 3 scrolls of identify {unknown}
 g - a scroll of butterflies {unknown}
 j - a scroll of enchant armour {unknown}
 m - a scroll of magic mapping {unknown}
 n - a scroll of fear {unknown}
 o - a scroll of enchant weapon {unknown}
 p - a scroll of immolation {unknown}
Potions
 c - 2 potions of curing {unknown}
 f - a potion of invisibility {unknown}
 h - 2 potions of resistance {unknown}
 i - a potion of cancellation {unknown}
 l - a potion of mutation {unknown}
 s - a potion of might {unknown}


   Skills:
 + Level 0.1 Short Blades
 - Level 2.2 Dodging
 + Level 1.9 Stealth
 + Level 4.0 Spellcasting


You couldn't memorise any spells.
You knew the following spells:

 Your Spells              Type           Power      Damage    Failure   Level
a - Foxfire               Conj/Fire      72%        2x1d7     1%          1
b - Scorch                Fire           36%        2d7       1%          2
c - Kindle Blastsparks    Fire/Tloc/Air  36%        2d13      3%          3
d - Inner Flame           Hex/Fire       18%        N/A       3%          3
e - Flame Wave            Conj/Fire      18%        2d7       12%         4
f - Apportation           Tloc           36%        N/A       1%          1
g - Ensorcelled Hibernat  Hex/Ice        36%        N/A       1%          2
Your spell library was empty.

Dungeon Overview and Level Annotations

Branches:
Dungeon (3/15)

Altars:
Gozag
Nemelex Xobeh

Annotations:
D:2 Sigmund


Innate Abilities, Weirdness & Mutations

You are immune to sickness and miasma.
You are immune to poison.
Your flesh is very heat resistant. (rF++)
You are vulnerable to cold. (rC-)
You float through the air rather than walking.
You learn spells naturally, not from books.
Your magical power is your life essence.
You have superior vitality. (+4 MHP)


Message History

An orc comes into view. It is wielding a +0 hand axe.
The orc priest closely misses you.
Your Spellcasting skill increases to level 4!
You have reached level 5!
The power to cast Ensorcelled Hibernation wells up from within.
Spell assigned to 'g'.
Casting: Scorch (safe; 1% risk of failure)
Confirm with . or Enter, or press ? or * to list all spells.
Flames lash the giant cockroach.
You kill the giant cockroach!
The orc priest hits you from afar with a +0 trident.
The orc hits you with a +0 short sword.
Casting: Scorch (safe; 1% risk of failure)
Confirm with . or Enter, or press ? or * to list all spells.
Flames lash the orc.
The orc is heavily wounded.
The orc's fire resistance burns away.
The orc priest barely misses you. The orc completely misses you.
Casting: Scorch (safe; 1% risk of failure)
Confirm with . or Enter, or press ? or * to list all spells.
You conjure some foxfire!
The orc barely misses you.
The orc priest calls down the wrath of Beogh upon you.
Beogh smites you!
* * * LOW HITPOINT WARNING * * *
The foxfire hits the orc!
The orc is burned terribly!
You kill the orc!
The foxfire hits the orc.
The orc is almost dead.
Casting: Foxfire (safe; 1% risk of failure)
Confirm with . or Enter, or press ? or * to list all spells.
You conjure some foxfire!
* * * LOW HITPOINT WARNING * * *
The orc priest barely misses you.
Your foxfire dissipates!
The foxfire hits the orc but does no damage.
The orc is almost dead.
You hit the orc but do no damage.
The orc is almost dead.
The orc hits you with a +0 hand axe.
You die...

.. #.# #.### #.#
....#.#.#
.[#.$.#)############
...$_$).##.........#
##.$$$#.##.........#
[....w.o##.........#
#####...##:...<....#
#...o@..........#
##..............#
##.............#
#.............#
##..<.........#
#............######
....##.####........
######.# #.####### .
#.#


You could see a worm, an orc priest and an orc.

Vanquished Creatures
  An orc priest (D:3)
  An adder (D:2)
  2 orcs (D:3)
  4 ball pythons (D:2)
  6 bats
  7 endoplasms
  2 giant cockroaches
  4 goblins
  5 hobgoblins
  4 jackals (D:1)
  4 quokkas
  5 frilled lizards
  4 kobolds
  4 rats
53 creatures vanquished.

Vanquished Creatures (others)
  90 foxfires
90 creatures vanquished.

Grand Total: 143 creatures vanquished

Notes
Turn   | Place    | Note
-------+----------+-------------------------------------------
     0 | D:1      | themarg the Djinni Fire Elementalist began the quest for
                  | the Orb.
     0 | D:1      | themarg set off with the following spells memorised:
                  | Foxfire, Scorch, Kindle Blastsparks, Inner Flame, Flame
                  | Wave.
     0 | D:1      | Reached XP level 1. HP: 15/15 MP: 0/0
   145 | D:1      | Reached XP level 2. HP: 1/21 MP: 0/0
   737 | D:1      | Reached skill level 3 in Spellcasting
   887 | D:1      | Reached XP level 3. HP: 22/25 MP: 0/0
   887 | D:1      | Learned a level 1 spell: Apportation
  1637 | D:2      | Found a sparkling altar of Nemelex Xobeh.
  1666 | D:2      | Noticed Sigmund
  1890 | D:2      | Reached XP level 4. HP: 27/31 MP: 0/0
  2382 | D:3      | Found an opulent altar of Gozag.
  2389 | D:3      | Reached skill level 4 in Spellcasting
  2389 | D:3      | Reached XP level 5. HP: 25/35 MP: 0/0
  2389 | D:3      | Learned a level 2 spell: Ensorcelled Hibernation
  2396 | D:3      | Slain by an orc

Illustrated notes

Levels and vault maps discovered:
D:1:      enne_arrival_octagon_isle, layout_loops_cross, serial_glass,
          glass_columns_a, glass_columns_c, glass_columns_c, glass_columns_b,
          glass_columns_a, glass_columns_a, glass_columns_a, glass_columns_b,
          item_on_display_a, minmay_strange_pillars, minmay_strange_pillars
D:2:      layout_rooms, basic_altar, minmay_misc_feat_room, uniq_sigmund
D:3:      layout_basic, cheibrodos_worm_habitat, tgw_trog,
          nicolae_gozag_seed_capital, shapermc_ecumenical_altar_venn, uniq_robin

Skill      XL: |  1  2  3  4 |
---------------+-------------+-----
Spellcasting   | 3 4 |  4.0
Short Blades   | |  0.1
Dodging        | |  2.2
Stealth        | |  1.9

Action                   |  1- 3 |  4- 6 || total
-------------------------+-------+-------++-------
Melee: Club              |     2 |       ||     2
       Dagger            |     8 |     2 ||    10
 Cast: Foxfire           |    48 |    14 ||    62
       Scorch            |     9 |     5 ||    14
       Kindle Blastspark |       |     1 ||     1
Armor: Robe              |     4 |       ||     4
Dodge: Dodged            |    10 |    10 ||    20

Table legend: (Time is in decaauts)
 A = Elapsed time spent in this place.
 B = Non-inter-level travel time spent in this place.
 C = Inter-level travel time spent in this place.
 D = Time resting spent in this place.
 E = Time spent auto-exploring this place.
 F = Levels seen in this place.
 G = Mean time per level.
                   A        B        C        D        E       F      G
               +--------+--------+--------+--------+--------+-----+--------+
         Total |   2394 |   2348 |     46 |    968 |   1083 |   3 |  798.0 |
       Dungeon |   2394 |   2348 |     46 |    968 |   1083 |   3 |  798.0 |
               +--------+--------+--------+--------+--------+-----+--------+

Top non-repeatable levels by time:
     D:1: 1545 daAuts
     D:2: 737 daAuts
     D:3: 110 daAuts
